 Dungeon Crawl Stone Soup version 0.24-a0-423-g6870c0f642 (webtiles) character file.

Game seed: 12649981725697490018

700 Peloso the Slasher (level 7, -9/61 HPs)
             Began as a Minotaur Fighter on June 13, 2019.
             Mangled by a troll (10 damage)
             ... on level 5 of the Dungeon.
             The game lasted 00:07:01 (3046 turns).

Peloso the Slasher (Minotaur Fighter)               Turns: 3046, Time: 00:07:08

Health: -9/61      AC:  9    Str: 19 (21) XL:     7   Next: 38%
Magic:  6/6        EV:  6    Int:  2 (5)  God:
Gold:   136        SH:  9    Dex:  9 (11) Spells: 6/6 levels left

rFire    . . .     SeeInvis .   a - +0 long sword
rCold    . . .     Gourm    .   c - +0 shield
rNeg     . . .     Faith    .   b - +0 scale mail
rPois    .         Spirit   .   (helmet restricted)
rElec    .         Reflect  .   r - scarf {cloud immunity}
rCorr    .         Harm     .   (no gloves)
MR       .....                  (no boots)
Stlth    ..........             u - amulet of rage
HPRegen  0.20/turn              B - -2 ring of evasion (curse)
MPRegen  0.10/turn              E - +2 ring of protection

@: lethally poisoned (-9 -> -14)
A: retaliatory headbutt, horns 2
a: Evoke Berserk Rage


You were on level 5 of the Dungeon.
You were not hungry.

You visited 1 branch of the dungeon, and saw 5 of its levels.

You collected 176 gold pieces.
You spent 40 gold pieces at shops.

Inventory:

Hand Weapons
 a - a +0 long sword (weapon)
Armour
 b - a +0 scale mail (worn)
 c - a +0 shield (worn)
 r - a scarf of cloud immunity (worn)
Jewellery
 k - an uncursed ring of flight
 l - an uncursed ring of flight
 u - an amulet of rage (around neck)
 w - an uncursed amulet of harm
 x - an uncursed ring of positive energy
 B - a cursed -2 ring of evasion (left hand)
 E - a +2 ring of protection (right hand)
Wands
 G - a wand of disintegration (10)
Scrolls
 g - 2 scrolls of amnesia {unknown}
 j - 4 scrolls of remove curse {unknown}
 m - 3 scrolls of identify {unknown}
 n - 3 scrolls of teleportation {unknown}
 o - 2 scrolls of immolation {unknown}
 q - a scroll of noise {unknown}
 s - 3 scrolls of enchant weapon {unknown}
 y - a scroll of fear {unknown}
 z - a scroll of enchant armour {unknown}
 A - a scroll of magic mapping {unknown}
Potions
 d - a potion of might
 e - a potion of curing {unknown}
 h - a potion of resistance {unknown}
 i - 2 potions of degeneration
 p - a potion of flight
 t - a potion of heal wounds {unknown}
 v - a potion of cancellation
 C - a potion of berserk rage {unknown}
 F - a potion of ambrosia {unknown}
Comestibles
 f - 10 rations


   Skills:
 + Level 5.1 Fighting
 + Level 6.1 Long Blades
 + Level 5.9 Armour
 + Level 2.2 Dodging
 + Level 0.1 Stealth
 + Level 5.5 Shields


You had 6 spell levels left.
You didn't know any spells.
Your spell library was empty.

Dungeon Overview and Level Annotations

Branches:
Dungeon (5/15)
 Temple: D:4-7

Altars:
Cheibriados
Dithmenos
Elyvilon
Gozag
Nemelex Xobeh

Shops:
D:4 *


Innate Abilities, Weirdness & Mutations

You reflexively headbutt those who attack you in melee.
You have a pair of horns on your head.


Message History

Wield which item (- for none, * to show all)? (? for menu, Esc to quit)
Okay, then.
It was a potion of degeneration.
There was something very wrong with that liquid.
You feel weakened.
You feel dopey.
You feel clumsy.
* * * LOW HITPOINT WARNING * * *
You feel sick. The troll bites you but does no damage.
The troll claws you but does no damage. You block the troll's attack.
It was a potion of flight.
You feel very buoyant.
You fly up into the air.
You hear the rusting of a distant drain.
You block the troll's attack.
The troll claws you but does no damage. x2
It was a potion of cancellation.
Your magical effects are unravelling.
You feel magically purged.
You float gracefully downwards.
You feel a little less mighty now.
* * * LOW HITPOINT WARNING * * *
You feel sick. You block the troll's attack. The troll claws you!
You die...

##. #.#.# #s.
#.#.# ....
#.#.#
....?#.#.#
.....#.#.#
.......#.#
#......######
#..(.)s5T@..#
###########)#
#.# #[# #.#
#.# #.# #.#
#.#


You could see a troll, a shadow imp and a giant cockroach.

Vanquished Creatures
  Sigmund (D:5)
  3 scorpions
  A crimson imp (D:3)
  2 hounds (D:4)
  An orc priest (D:4)
  2 orc wizards (D:5)
  Ijyb (D:5)
  3 gnolls (D:3)
  7 adders
  An adder zombie (D:5)
  A worm (D:2)
  5 leopard geckos
  9 orcs
  4 giant cockroaches
  8 goblins
  9 hobgoblins
  5 jackals
  5 kobolds
  2 quokkas
  A ball python (D:1)
  10 bats
  4 frilled lizards
  A jackal skeleton (D:5)
  10 rats
96 creatures vanquished.

Notes
Turn   | Place    | Note
-------+----------+-------------------------------------------
     0 | D:1      | Peloso the Minotaur Fighter began the quest for the Orb.
     0 | D:1      | Reached XP level 1. HP: 19/19 MP: 0/0
    67 | D:1      | Reached XP level 2. HP: 26/27 MP: 1/1
   355 | D:1      | Reached XP level 3. HP: 33/33 MP: 2/2
   546 | D:2      | Reached skill level 3 in Long Blades
   552 | D:2      | Reached skill level 1 in Dodging
   701 | D:2      | Reached XP level 4. HP: 37/40 MP: 3/3
  1554 | D:3      | Reached skill level 4 in Long Blades
  1554 | D:3      | Reached XP level 5. HP: 46/46 MP: 4/4
  1831 | D:3      | Found a shadowy altar of Dithmenos.
  2072 | D:4      | Found a snail-covered altar of Cheibriados.
  2072 | D:4      | Found a white marble altar of Elyvilon.
  2074 | D:4      | Found an opulent altar of Gozag.
  2081 | D:4      | Reached skill level 5 in Long Blades
  2371 | D:4      | Reached XP level 6. HP: 48/52 MP: 5/5
  2385 | D:4      | Found Foc Joel's Assorted Antiques.
  2403 | D:4      | Bought a fuming ruby potion for 20 gold pieces
  2403 | D:4      | Bought a fizzy red potion for 20 gold pieces
  2578 | D:4      | Found a sparkling altar of Nemelex Xobeh.
  2766 | D:4      | Reached skill level 5 in Armour
  2798 | D:5      | Entered Level 5 of the Dungeon
  2804 | D:5      | Noticed Sigmund
  2808 | D:5      | Killed Sigmund
  2808 | D:5      | Reached skill level 5 in Shields
  2822 | D:5      | Reached skill level 5 in Fighting
  2822 | D:5      | Reached XP level 7. HP: 54/61 MP: 6/6
  2823 | D:5      | Noticed Ijyb
  2828 | D:5      | Killed Ijyb
  2854 | D:5      | Reached skill level 6 in Long Blades
  3029 | D:5      | Noticed a troll
  3043 | D:5      | HP: 3/61 [troll (10)]
  3046 | D:5      | HP: 1/61 [poisoned by an orc wizard]
  3046 | D:5      | Mangled by a troll

Levels and vault maps discovered:
D:1:      dpeg_arrival_fog, layout_loops_ring, serial_bayou_pond_c
D:2:      wander_river, layout_basic
D:3:      layout_basic, nicolae_dithmenos_through_a_glass_darkly, dk_vineyard_2
D:4:      layout_rooms, grunt_temple_overflow_open, serial_shops, shop,
          nemelex_diamond_rough_becter
D:5:      layout_loops_ring, kennysheep_mini, first_ration,
          portal_sewer_entry_a, uniq_ijyb, uniq_sigmund

Skill      XL: |  1  2  3  4  5  6  7 |
---------------+----------------------+-----
Fighting       | 4 5 |  5.1
Armour         | 4 5 |  5.9
Shields        | 4 5 |  5.5
Long Blades    | 3 4 5 6 |  6.1
Dodging        | 1 2 |  2.2
Stealth        | |  0.1

Action                   |  1- 3 |  4- 6 |  7- 9 || total
-------------------------+-------+-------+-------++-------
Melee: Long sword        |    81 |   128 |    25 ||   234
       Headbutt          |    12 |    21 |     4 ||    37
  Use: Potion            |       |     1 |     4 ||     5
  Eat: Chunk             |       |     7 |       ||     7
Armor: Scale mail        |    39 |    53 |    20 ||   112
Dodge: Dodged            |    36 |    43 |     7 ||    86
Block: Shield            |    55 |    93 |    20 ||   168
       Rpst.: Long sword |    13 |    17 |     1 ||    31

Table legend:
 A = Non-vault XP
 B = Vault XP
 C = Vault XP percentage of total XP
 D = Non-vault monster count
 E = Vault monster count
 F = Vault count percentage of total count
                 A         B        C        D         E       F
            +---------+---------+-------+---------+---------+-------
      Total |     753 |     248 |  24.8 |      94 |       2 |   2.1
            +---------+---------+-------+---------+---------+-------
        D:1 |      44 |       0 |   0.0 |      28 |       0 |   0.0
        D:2 |      65 |       0 |   0.0 |      22 |       0 |   0.0
        D:3 |     183 |       0 |   0.0 |      22 |       0 |   0.0
        D:4 |     223 |       0 |   0.0 |      13 |       0 |   0.0
        D:5 |     238 |     248 |  51.0 |       9 |       2 |  18.2
            +---------+---------+-------+---------+---------+-------
